 Dungeon Crawl Stone Soup version 0.17-a0-1150-g17b0b87 (webtiles) character file.

70 Grimpse the Ruffian (level 4, 0/44 HPs)
             Began as a Troll Monk on May 27, 2015.
             Slain by Sigmund
             ... wielding a +3 scythe of freezing
              (2 damage)
             ... on level 2 of the Dungeon.
             The game lasted 00:04:26 (1447 turns).

Grimpse the Ruffian (Troll Monk)                    Turns: 1447, Time: 00:04:27

Health: 0/44       AC:  5    Str: 19    XL:     4   Next: 3%
Magic:  3/3        EV: 11    Int:  6    God:
Gold:   35         SH:  0    Dex: 13    Spells: 0 memorised, 3 levels left

rFire  . . .     SeeInvis .       - Unarmed
rCold  . . .     Clarity  .     a - +0 robe
rNeg   . . .     SustAt   .     (no shield)
rPois  .         Gourm    +     (helmet restricted)
rElec  .         Spirit   .     (no cloak)
rCorr  .         Warding  .     (gloves unavailable)
rMut   .         Stasis   .     (boots unavailable)
MR     .....                    (no amulet)
Stlth  +.........               (no ring)
                                (no ring)

@: confused, flying, not resistant to hostile enchantments, very unstealthy
A: unfitting armour, claws 3, fast metabolism 3, gourmand, regeneration 2,
shaggy fur 1, tough skin 2
a: no special abilities


You were on level 2 of the Dungeon.
You were full.

You visited 1 branch of the dungeon, and saw 2 of its levels.

You collected 35 gold pieces.

Inventory:

Armour
 a - a +0 robe (worn)
Jewellery
 e - an uncursed ring of stealth {unknown}
Scrolls
 g - a scroll of teleportation {unknown}
 i - a scroll of magic mapping {unknown}
 k - 2 scrolls of remove curse {unknown}
 l - a scroll of fog {unknown}
Potions
 c - a potion of brilliance {unknown}
 d - a potion of heal wounds {unknown}
 h - a potion of invisibility {unknown}
 j - a potion of flight
Comestibles
 b - 4 bread rations
 f - a meat ration


   Skills:
 + Level 2.9 Fighting
 + Level 3.0 Dodging
 + Level 1.3 Stealth
 + Level 4.5 Unarmed Combat


You had 3 spell levels left.
You didn't know any spells.

Dungeon Overview and Level Annotations

Branches:
Dungeon (2/15)

Altars:

Annotations:
D:2 Sigmund


Innate Abilities, Weirdness & Mutations

You are too large for most types of armour.
You have claws for hands.
Your metabolism is lightning-fast.
You like to eat raw meat.
You heal very quickly.
You are covered in fur (AC +1).
You have very tough skin (AC +2).


Message History

The magic dart hits you!
* * * LOW HITPOINT WARNING * * *
Drink which item? (? for menu, Esc to quit)
It was a potion of flight.
You feel very buoyant.
You fly up into the air.
Something hits you.
* * * LOW HITPOINT WARNING * * *
Something freezes you.
* * * LOW HITPOINT WARNING * * *
You claw something! You claw something! Something hits you but does no damage.
You miss something. You closely miss something.
Something completely misses you.
You miss something.
You hear some strange, mumbled words.
You are confused.
You scratch something. Something hits you!
* * * LOW HITPOINT WARNING * * *
Something freezes you.
You die...

....##..####### ##.#
.##.##..# ###8###..#
.##.##.... ....#####
.##.##..... ....8
.##.##...... ....#
.##.#####8## #...#
.##<############..$##
.##.#.........#8{.?8#
....#.#######.##@..#
.##.#.# #.##...#
.##.#.# #.##...##
.##.#.# #.#8...8#
.##.#.# #.##...##
.#..#.# #......#
.#.##.# ########
.#.##.# .#.##.#


There were no monsters in sight!

Vanquished Creatures
  Jessica (D:2)
  An adder (D:2)
  3 giant geckos
  4 bats
  4 hobgoblins
  4 jackals (D:1)
  2 ball pythons
  A giant newt (D:1)
  4 goblins
  6 kobolds
  5 rats
  A plant (D:1)
36 creatures vanquished.

Notes
Turn   | Place    | Note
--------------------------------------------------------------
     0 | D:1      | Grimpse the Troll Monk began the quest for the Orb.
     0 | D:1      | Reached XP level 1. HP: 22/22 MP: 0/0
   243 | D:1      | Reached XP level 2. HP: 27/29 MP: 1/1
  1081 | D:2      | Noticed Jessica
  1084 | D:2      | Killed Jessica
  1084 | D:2      | Reached XP level 3. HP: 36/36 MP: 2/2
  1379 | D:2      | Reached XP level 4. HP: 42/44 MP: 3/3
  1432 | D:2      | Noticed Sigmund
  1447 | D:2      | HP: 2/44 [something (8)]
  1447 | D:2      | Slain by Sigmund

Vault maps used:
D:1:      dpeg_arrival_connections, minmay_misc_feat_hallway,
          serial_bayou_pond_c
D:2:      nicolae_overflow_hidden_temple, corexii_hall_statues_l, uniq_jessica,
          uniq_sigmund

Action                   |  1- 3 |  4- 6 || total
-------------------------+-------+-------++-------
Melee: Unarmed           |    98 |    12 ||   110
  Use: Potion            |       |     1 ||     1
 Stab: Sleeping          |     3 |       ||     3
  Eat: Chunk             |    11 |       ||    11
       Meat ration       |     1 |       ||     1
